 Dungeon Crawl Stone Soup version 0.19-a0-1490-g5dd3618 (webtiles) character file.

1209 epen the Martial Artist (level 8, 0/68 HPs)
             Began as a Merfolk Monk on Sept 8, 2016.
             Was a Priest of Ru.
             Slain by a wolf (11 damage)
             ... led by Grum
             ... on level 10 of the Dungeon.
             The game lasted 00:12:47 (9156 turns).

epen the Martial Artist (Merfolk Monk)              Turns: 9156, Time: 00:12:48

Health: 0/68       AC:  6    Str:  9    XL:     8   Next: 45%
Magic:  8/8        EV: 19    Int: 16    God:    Ru [***...]
Gold:   422        SH:  0    Dex: 17    Spells: 0 memorised, 7 levels left

rFire  . . .     SeeInvis .     y - +8 dagger "Dumn" {flame, Int+4}
rCold  . . .     Gourm    .     a - +1 robe
rNeg   . . .     Faith    .     (no shield)
rPois  .         Spirit   .     (no helmet)
rElec  +         Dismiss  .     x - +0 cloak
rCorr  .         Reflect  .     (no gloves)
MR     .....     Harm     .     (no boots)
Stlth  ++........               (no amulet)
                                (no ring)
                                (no ring)

@: no status effects
A: change form in water, swift swim, stealthy swim, yellow scales 1, electricity
resistance, weak 1, hated by all, inexperienced 1
a: Draw Out Power, Renounce Religion


You were on level 10 of the Dungeon.
You worshipped Ru.
Ru was most pleased with you.
You were hungry.

You visited 2 branches of the dungeon, and saw 11 of its levels.
You also visited: Sewer.

You collected 422 gold pieces.

Inventory:

Hand Weapons
 h - a +2 short sword of venom
 r - a +2 dagger of electrocution
 y - the +8 dagger "Dumn" (weapon) {flame, Int+4}
   (You found it on level 6 of the Dungeon)

   It has been specially enchanted to burn those struck by it, causing extra
   injury to most foes and up to half again as much damage against particularly
   susceptible opponents.
   It affects your intelligence (+4).
Armour
 a - a +1 robe (worn)
 x - a +0 cloak (worn)
Jewellery
 z - an uncursed ring of poison resistance {unknown}
Wands
 m - a wand of lightning (11/15)
 o - a wand of random effects (23/48)
 C - a wand of slowing (32/48)
 D - a wand of slowing (9/48)
 I - a wand of lightning (9/15)
Scrolls
 d - a scroll of blinking
 e - 4 scrolls of amnesia
 j - 6 scrolls of remove curse
 k - a scroll of enchant armour
 p - 4 scrolls of teleportation
 q - 3 scrolls of fog
 w - 5 scrolls of identify
 A - a scroll of magic mapping
 H - a scroll of recharging {unknown}
 K - a scroll of enchant weapon {unknown}
Potions
 c - 5 potions of curing
 i - 4 potions of heal wounds
 l - a potion of flight
 n - a potion of mutation
 t - a potion of berserk rage
 u - a potion of cure mutation
 E - a potion of lignification {unknown}
 G - 2 potions of agility {unknown}
Books
 s - a book of Necromancy

   Spells                             Type                      Level
   a - Pain                           Necromancy                   1
   b - Animate Skeleton               Necromancy                   1
   c - Vampiric Draining              Necromancy                   3
   d - Regeneration                   Charms/Necromancy            3
   e - Animate Dead                   Necromancy                   4
   f - Control Undead                 Necromancy                   4
 B - a book of Unlife

   Spells                             Type                      Level
   a - Recall                         Summoning/Translocation      3
   b - Animate Dead                   Necromancy                   4
   c - Control Undead                 Necromancy                   4
   d - Cigotuvi's Embrace             Necromancy                   5
   e - Death Channel                  Necromancy                   6
   f - Simulacrum                     Ice/Necromancy               6
Comestibles
 b - 4 bread rations
 f - a slice of pizza
 g - 11 fruits
 v - 6 beef jerkies
 F - a meat ration
 J - a chunk of flesh


   Skills:
 + Level 8.2 Fighting
 + Level 9.7 Dodging
 - Level 2.1 Stealth
 * Level 11.2 Unarmed Combat


You had 7 spell levels left.
You didn't know any spells.

Dungeon Overview and Level Annotations

Branches:
Dungeon (10/15)            Temple (1/1) D:5
   Lair: D:8-11         Orc: D:9-12

Altars:
Ashenzari
Cheibriados
Dithmenos
Fedhas
Gozag
Hepliaklqana
Kikubaaqudgha
Makhleb
Nemelex Xobeh
Okawaru
Qazlal
Ru
Sif Muna
Trog
Uskayaw
Vehumet
Xom
Yredelemnul
Zin
The Shining One

Annotations:
D:3 Rayvis's ghost, amateur MiFi
D:9 Grum


Innate Abilities, Weirdness & Mutations

You revert to your normal form in water.
You are very nimble and swift while swimming.
You are very stealthy in the water.
You are hated by all.
You are somewhat inexperienced. (-2 XL)
You are partially covered in yellow scales. (AC +2)
You are resistant to electric shocks. (rElec)
You are weak. (Str -2)


Message History

The jackal bites you but does no damage.
The wolf bites you.
* * * LOW HITPOINT WARNING * * *
You focus your will and illuminate the wolf in retribution!
You hit the jackal. You burn the jackal.
The jackal is severely wounded.
The jackal closely misses you.
The jackal bites you but does no damage.
The wolf completely misses you. The jackal barely misses you.
The jackal bites you but does no damage. x2
The wolf completely misses you. The jackal completely misses you.
You barely miss the jackal.
The jackal is severely wounded.
The wolf is stunned by your will and fails to attack.
The jackal completely misses you. The jackal closely misses you.
The jackal completely misses you.
You hit the jackal but do no damage.
The jackal is severely wounded.
The wolf bites you!
You die...

## #. .. #. .# #.
#.# #.###..#
##..#..# #..
#####...#h##.....
........h@hh.#
.......<##h###
#.......# .#
#.......# ##
#.......#
.......Y.
.######.. #..
#...


You could see a wolf and 4 jackals.

Vanquished Creatures
  A hippogriff (D:7)
  Eustachio (D:6)
  A water moccasin (D:7)
  2 orc warriors
  2 phantoms
  2 sky beasts
  A wolf (D:9)
  2 ogres
  2 centaurs
  Blork the orc (D:6)
  3 big kobolds (Sewer)
  6 giant frogs
  A scorpion (D:5)
  4 wights (D:7)
  3 crimson imps
  A giant frog zombie (D:7)
  3 orc priests
  2 hounds
  A jelly (D:5)
  4 orc wizards
  A giant frog skeleton (D:6)
  3 iguanas
  6 worker ants
  A hound skeleton (D:5)
  2 worker ant zombies
  6 gnolls
  15 adders
  A howler monkey skeleton (D:4)
  3 river rats
  2 shadow imps
  4 oozes
  An adder skeleton (D:4)
  6 worms
  A dart slug (D:1)
  2 giant geckos
  18 orcs
  2 bats (D:1)
  6 giant cockroaches
  8 goblins
  10 hobgoblins
  4 jackals (D:5)
  9 kobolds
  A quokka (D:4)
  6 ball pythons
  A giant newt (D:1)
  A jackal skeleton (D:8)
  2 quokka skeletons
  A quokka zombie (D:7)
  11 rats
177 creatures vanquished.

Vanquished Creatures (others)
  A hippogriff (D:8)
  An orc wizard (D:4)
2 creatures vanquished.

Grand Total: 179 creatures vanquished

Notes
Turn   | Place    | Note
-------+----------+-------------------------------------------
     0 | D:1      | epen the Merfolk Monk began the quest for the Orb.
     0 | D:1      | Reached XP level 1. HP: 18/18 MP: 1/1
   154 | D:1      | Reached XP level 2. HP: 13/24 MP: 2/2
   657 | D:1      | Reached XP level 3. HP: 30/30 MP: 3/3
   664 | D:1      | Reached skill level 4 in Unarmed Combat
  1082 | D:2      | Found a faded altar of an unknown god.
  1429 | D:2      | Reached XP level 4. HP: 34/37 MP: 4/4
  2300 | D:3      | Found a glowing drain.
  2330 | D:3      | Reached skill level 5 in Unarmed Combat
  2330 | D:3      | Reached XP level 5. HP: 29/43 MP: 5/5
  2351 | Sewer    | Entered a sewer
  2786 | Sewer    | Noticed a big kobold
  2798 | Sewer    | Killed a big kobold
  2798 | Sewer    | Reached skill level 5 in Dodging
  2798 | Sewer    | Reached XP level 6. HP: 33/49 MP: 6/6
  2911 | Sewer    | Reached skill level 6 in Unarmed Combat
  3089 | Sewer    | Reached skill level 5 in Fighting
  3217 | D:3      | Reached XP level 7. HP: 36/56 MP: 7/7
  3842 | D:3      | Gained mutation: You are weak. (Str -2) [potion of mutation]
  3842 | D:3      | Gained mutation: You are partially covered in yellow scales. (AC +2) [potion of mutation]
  3842 | D:3      | Gained mutation: You are resistant to electric shocks. (rElec) [potion of mutation]
  3913 | D:3      | Noticed Rayvis's ghost (amateur MiFi)
  4544 | D:4      | Reached skill level 7 in Unarmed Combat
  4759 | D:4      | Found a bloodstained altar of Trog.
  4899 | D:4      | Found an iron altar of Okawaru.
  5217 | D:5      | Entered Level 5 of the Dungeon
  5276 | D:5      | Found a shimmering altar of Xom.
  5307 | D:5      | Reached XP level 8. HP: 20/64 MP: 8/8
  5309 | D:5      | HP: 2/64 [orc priest/nerve-wracking pain (14)]
  5359 | D:5      | Found a staircase to the Ecumenical Temple.
  5365 | Temple   | Entered the Ecumenical Temple
  5568 | Temple   | Became a worshipper of Ru the Awakened
  5570 | Temple   | Gained mutation: You are hated by all. [Ru sacrifice]
  5570 | Temple   | Reached * piety under Ru
  5786 | D:5      | Reached skill level 8 in Unarmed Combat
  5840 | D:5      | Found a hide-covered altar of Uskayaw.
  5960 | D:5      | Found a shimmering altar of Xom.
  6356 | D:6      | Noticed Eustachio
  6362 | D:6      | Killed Eustachio
  6411 | D:6      | Got a pitted dagger
  6412 | D:6      | Identified the +8 dagger "Dumn" {flame, Int+4} (You found it on level 6 of the Dungeon)
  6453 | D:6      | Reached skill level 9 in Unarmed Combat
  6599 | D:6      | Found a shadowy altar of Dithmenos.
  6605 | D:6      | Reached XP level 9. HP: 70/71 MP: 9/9
  6752 | D:6      | Found a hazy altar of Hepliaklqana.
  6828 | D:6      | Noticed Blork the orc
  6833 | D:6      | Killed Blork the orc
  7188 | D:7      | Reached skill level 10 in Unarmed Combat
  7907 | D:7      | Found a snail-covered altar of Cheibriados.
  8182 | D:8      | Gained mutation: You are somewhat inexperienced. (-2 XL) [Ru sacrifice]
  8182 | D:8      | Reached XP level 8. HP: 34/68 MP: 8/8
  8182 | D:8      | Reached XP level 7. HP: 34/61 MP: 7/7
  8182 | D:8      | Reached ** piety under Ru
  8182 | D:8      | Reached *** piety under Ru
  8308 | D:8      | Noticed a hippogriff
  8315 | D:8      | Killed a hippogriff
  8315 | D:8      | Reached XP level 8. HP: 60/68 MP: 8/8
  8382 | D:8      | Reached skill level 11 in Unarmed Combat
  8795 | D:8      | Got a smoking ring mail
  8806 | D:8      | Identified the +1 ring mail of the Hurricane {rN+ Slay-5 SInv} (You found it on level 8 of the Dungeon)
  9132 | D:9      | Noticed Grum
  9151 | D:10     | Entered Level 10 of the Dungeon
  9151 | D:10     | Noticed a yak
  9156 | D:10     | Slain by a wolf

Vault maps used:
D:1:      erik_arrival_triangle_small, minivault_11
D:2:      ecumenical_altar_2
D:3:      portal_sewer_entry_c
D:4:      nicolae_overflow_crystal_walls, lemuel_crystal_altar, first_bread
D:5:      kennysheep_little_box, xom_butterflies, lemuel_tele_altar
D:6:      kennysheep_mini_moat, nicolae_dithmenos_the_darkroom, uniq_eustachio,
          uniq_blork_the_orc
D:7:      cheibriados_altar_wand_db
D:9:      old_standard_altar, basic_altar, uniq_pikel, uniq_grum
D:10:     jmf_multi_god_temple2
Temple:   nicolae_temple_figure_eight
Sewer:    sewer_co_tree

Skill      XL: |  1  2  3  4  5  6  7  8  9 |
---------------+----------------------------+-----
Unarmed Combat | 4 5 6 7 11 10 | 11.2
Fighting       | 4 5 8 6 7 |  8.2
Dodging        | 5 6 8 9 |  9.7
Stealth        | |  2.1

Action                   |  1- 3 |  4- 6 |  7- 9 || total
-------------------------+-------+-------+-------++-------
Melee: Unarmed           |   103 |    66 |     2 ||   171
       Spear             |       |    10 |       ||    10
       Punch             |       |     6 |    16 ||    22
       Short sword       |       |   106 |    89 ||   195
       Tailslap          |       |    13 |       ||    13
       Dagger            |       |       |   387 ||   387
Invok: Sacrifice Experie |       |       |     1 ||     1
       Sacrifice Love    |       |       |     1 ||     1
  Use: Scroll            |       |     4 |    12 ||    16
       Potion            |       |       |     5 ||     5
 Stab: Sleeping          |     2 |     8 |     6 ||    16
       Distracted        |       |     1 |     1 ||     2
  Eat: Chunk             |       |     5 |    11 ||    16
       Royal jelly       |       |     1 |       ||     1
       Pizza             |       |       |     2 ||     2
       Meat ration       |       |       |     1 ||     1
Armor: Robe              |     6 |    11 |    84 ||   101
Dodge: Dodged            |    55 |   138 |   391 ||   584
